 Dungeon Crawl Stone Soup version 0.28-a0-728-g0181a31188 (webtiles) character file.

Game seed: 12444025277575095174

405 Johnny the Slasher (level 7, -3/55 HPs)
             Began as a Human Berserker on Oct 28, 2021.
             Was a Believer of Trog.
             Slain by an orc warrior (9 damage)
             ... on level 3 of the Dungeon.
             The game lasted 00:02:28 (3566 turns).

Johnny the Slasher (Human Berserker)                Turns: 3566, Time: 00:02:28

Health: -3/55      AC:  2    Str: 19    XL:     7   Next: 12%
Magic:  7/7        EV: 12    Int:  8    God:    Trog [**....]
Gold:   55         SH:  0    Dex: 12    Spells: 6/6 levels left

rFire   + . .      SeeInvis .   a - +0 falchion
rCold   + . .      Faith    .   (no shield)
rNeg    . . .      Spirit   .   b - +0 animal skin
rPois   .          Reflect  .   (no helmet)
rElec   .          Harm     .   g - scarf {rC+ rF+}
rCorr   .          Rampage  .   (no gloves)
Will    .....                   (no boots)
Stlth   +.........              (no amulet)
HPRegen 0.18/turn               (no ring)
MPRegen 0.10/turn               (no ring)

@: mighty, on berserk cooldown, slowed, very slow
A: no striking features
a: Renounce Religion, Berserk, Trog's Hand


You were on level 3 of the Dungeon.
You worshipped Trog.
Trog was pleased with you.
You visited 1 branch of the dungeon, and saw 3 of its levels.

You collected 75 gold pieces.
You spent 20 gold pieces at shops.

Inventory:

Hand Weapons
 a - a +0 falchion (weapon)
Armour
 b - a +0 animal skin (worn)
 g - a scarf of resistance (worn)
Scrolls
 d - a scroll of identify
 h - a scroll of amnesia {unknown}
 i - a scroll of fear {unknown}
 j - a scroll of teleportation {unknown}
 k - a scroll of immolation {unknown}
Potions
 e - 2 potions of haste
 f - a potion of curing
 l - a potion of heal wounds {unknown}


   Skills:
 + Level 4.9 Fighting
 * Level 6.3 Long Blades
 - Level 2.0 Armour
 - Level 2.0 Dodging


You had 6 spell levels left.
You didn't know any spells.
Your spell library was empty.

Dungeon Overview and Level Annotations

Branches:
Dungeon (3/15)

Altars:
Qazlal

Shops:
D:2 *


Message History

You are exhausted.
You feel yourself slow down.
The orc warrior hits you with a +0 war axe!
You hit the orc warrior.
The orc warrior is almost dead.
The orc warrior barely misses you.
You hit the orc warrior but do no damage.
The orc warrior is almost dead.
The orc warrior hits you with a +0 war axe!
The orc warrior barely misses you.
You are too injured to fight recklessly!
You are too injured to fight recklessly!
You are too injured to fight recklessly!
You are too injured to fight recklessly!
You are too injured to fight recklessly!
You are too injured to fight recklessly!
You are too injured to fight recklessly!
You are too injured to fight recklessly!
You are too injured to fight recklessly!
You are too injured to fight recklessly!
You closely miss the orc warrior.
The orc warrior is almost dead.
The orc warrior closely misses you.
You aren't carrying any items that you can evoke.
Unknown command.
You feel very mighty all of a sudden. The orc warrior barely misses you.
The orc warrior misses you.
You closely miss the orc warrior.
The orc warrior is almost dead.
The orc warrior hits you with a +0 war axe!
* * * LOW HITPOINT WARNING * * *
You closely miss the orc warrior.
The orc warrior is almost dead.
The orc warrior closely misses you.
The orc warrior hits you with a +0 war axe.
* * * LOW HITPOINT WARNING * * *
You barely miss the orc warrior.
The orc warrior is almost dead.
The orc warrior hits you with a +0 war axe!
You die...

#....####.÷.#...............##..
###### ###.......##.......#...#
##........#..........###
##.........#........### #
#...####............#
####...#....####.......#
......>.†.#### #########
....#....<###################
.####...#.)<@oo...:..........
#...##################### #...#
#...# #####


You could see an orc warrior and an orc.

Vanquished Creatures
  Sigmund (D:2)
  An ogre (D:2)
  An orc priest (D:3)
  Jessica (D:2)
  An orc wizard (D:2)
  3 adders
  A worm (D:2)
  A dart slug (D:3)
  7 endoplasms
  A giant cockroach (D:3)
  2 goblins (D:1)
  5 hobgoblins
  3 jackals (D:1)
  5 quokkas
  6 ball pythons
  10 bats
  2 frilled lizards
  8 kobolds
  6 rats
65 creatures vanquished.

Notes
Turn   | Place    | Note
-------+----------+-------------------------------------------
     0 | D:1      | Johnny the Human Berserker began the quest for the Orb.
     0 | D:1      | Reached XP level 1. HP: 18/18 MP: 1/1
   111 | D:1      | Reached XP level 2. HP: 10/24 MP: 2/2
   858 | D:1      | Reached XP level 3. HP: 9/29 MP: 3/3
  1250 | D:1      | Found a faded altar of an unknown god.
  1652 | D:2      | Noticed an ogre
  1663 | D:2      | Killed an ogre
  1664 | D:2      | Reached skill level 4 in Long Blades
  1664 | D:2      | Reached XP level 4. HP: 8/37 MP: 4/4
  1664 | D:2      | Reached XP level 5. HP: 10/42 MP: 5/5
  1943 | D:2      | Noticed Jessica
  1947 | D:2      | Killed Jessica
  1948 | D:2      | Reached skill level 5 in Long Blades
  2100 | D:2      | Noticed Sigmund
  2149 | D:2      | Found Okhisec's General Store.
  2166 | D:2      | Bought a scroll of identify for 20 gold pieces
  2226 | D:3      | Reached ** piety under Trog
  2769 | D:2      | Found a stormy altar of Qazlal.
  3089 | D:2      | Reached XP level 6. HP: 48/48 MP: 6/6
  3106 | D:2      | Killed Sigmund
  3107 | D:2      | Reached skill level 6 in Long Blades
  3390 | D:3      | Noticed an orc warrior
  3499 | D:2      | Reached XP level 7. HP: 47/55 MP: 7/7
  3566 | D:3      | Slain by an orc warrior

Illustrated notes

Levels and vault maps discovered:
D:1:      dpeg_arrival_rooms_b, layout_loops_cross,
          shapermc_ecumenical_altar_gd, supply_closet_lemuel,
          chequers_arboretum, minmay_misc_feat_columns, minmay_split_cup_small
D:2:      layout_basic, serial_shops, shop, basic_altar, uniq_jessica,
          uniq_sigmund
D:3:      minmay_octagon_keep, layout_rooms, serial_shops, nicolae_shop_trees

Skill      XL: |  1  2  3  4  5  6 |
---------------+-------------------+-----
Long Blades    | 4 5 6 |  6.3
Fighting       | 4 |  4.9
Armour         | |  2.0
Dodging        | |  2.0

Action                   |  1- 3 |  4- 6 |  7- 9 || total
-------------------------+-------+-------+-------++-------
Melee: Falchion          |    75 |   109 |    17 ||   201
Invok: Berserk           |     2 |     2 |     1 ||     5
       Trog's Hand       |       |     2 |       ||     2
  Use: Scroll            |       |     3 |       ||     3
       Potion            |       |       |     1 ||     1
 Stab: Sleeping          |     1 |     1 |       ||     2
Armor: Animal skin       |     9 |    37 |     2 ||    48
Dodge: Dodged            |    53 |   101 |    12 ||   166

Table legend: (Time is in decaauts)
 A = Elapsed time spent in this place.
 B = Non-inter-level travel time spent in this place.
 C = Inter-level travel time spent in this place.
 D = Time resting spent in this place.
 E = Time spent auto-exploring this place.
 F = Levels seen in this place.
 G = Mean time per level.
                   A        B        C        D        E       F      G
               +--------+--------+--------+--------+--------+-----+--------+
         Total |   3618 |   3558 |     60 |    842 |   2154 |   3 | 1206.0 |
       Dungeon |   3618 |   3558 |     60 |    842 |   2154 |   3 | 1206.0 |
               +--------+--------+--------+--------+--------+-----+--------+

Top non-repeatable levels by time:
     D:1: 1656 daAuts
     D:2: 1256 daAuts
     D:3: 706 daAuts
